 Dungeon Crawl Stone Soup version 0.28-a0-773-g130ae17fe5 (webtiles) character file.

Game seed: 5029376628867282906

688 ytrimaz the Skirmisher (level 7, -1/56 HPs)
             Began as a Demonspawn Gladiator on Nov 1, 2021.
             Slain by a gnoll (2 damage)
             ... on level 4 of the Dungeon.
             The game lasted 00:06:44 (5198 turns).

ytrimaz the Skirmisher (Demonspawn Gladiator)       Turns: 5198, Time: 00:06:44

Health: -1/56      AC:  6    Str: 17    XL:     7   Next: 36%
Magic:  7/7        EV: 13    Int:  9    God:
Gold:   216        SH:  0    Dex: 14    Spells: 6/6 levels left

rFire   . . .      SeeInvis .   a - +0 rapier
rCold   . . .      Faith    .   (no shield)
rNeg    . . .      Spirit   .   b - +1 leather armour
rPois   .          Reflect  .   i - +2 hat
rElec   .          Harm     .   (no cloak)
rCorr   .          Rampage  .   (no gloves)
Will    .....                   (no boots)
Stlth   +.........              (no amulet)
HPRegen 0.18/turn               o - ring of flight
MPRegen 0.10/turn               (no ring)

@: flying
A: powered by death 1
a: no special abilities


You were on level 4 of the Dungeon.
You visited 1 branch of the dungeon, and saw 5 of its levels.

You collected 216 gold pieces.

Inventory:

Hand Weapons
 a - a +0 rapier (weapon)
Missiles
 d - 3 throwing nets (quivered)
 e - 4 silver javelins
Armour
 b - a +1 leather armour (worn)
 i - a +2 hat (worn)
 l - a +0 kite shield
Jewellery
 o - a ring of flight (left hand)
Wands
 n - a wand of charming (11)
 q - a wand of flame (20)
Scrolls
 f - 2 scrolls of identify
 k - 3 scrolls of enchant armour
 p - a scroll of silence


   Skills:
 * Level 5.1 Fighting
 - Level 2.6 Short Blades
 - Level 1.7 Throwing
 * Level 4.2 Armour
 + Level 4.7 Dodging


You had 6 spell levels left.
You didn't know any spells.
Your spell library contained the following spells:

 Spells                   Type           Power      Damage    Failure   Level
 Corpse Rot               Necr/Air       0%         N/A       58%         2
 Dispel Undead            Necr           0%         3d6       99%         4
 Death Channel            Necr           0%         N/A       100%        6


Dungeon Overview and Level Annotations

Branches:
Dungeon (5/15)
 Temple: D:4-7

Altars:

Shops:
D:1 (

Annotations:
D:4 Pikel
D:5 Sigmund


Innate Abilities, Weirdness & Mutations

You regenerate a little health from kills.


Message History

The gnoll barely misses you.
Okay, then.
You aren't carrying any potions.
You barely miss the gnoll. The gnoll barely misses you. x2
The lemure hits you but does no damage. The gnoll hits you with a +0 spear.
The lemure barely misses you.
You hit the gnoll.
The gnoll is moderately wounded.
The gnoll closely misses you. The gnoll misses you.
The lemure hits you but does no damage. The gnoll barely misses you.
The lemure hits you but does no damage. The gnoll closely misses you.
You puncture the gnoll!
You kill the gnoll!
The gnoll hits you from afar with a +0 spear.
The lemure hits you but does no damage. The lemure hits you.
The gnoll hits you with a +0 flail. The gnoll closely misses you.
The lemure hits you.
Things that are here:
a +0 spear; 22 gold pieces You barely miss the gnoll.
The gnoll hits you from afar with a +0 spear.
The lemure hits you. The gnoll barely misses you.
A gnoll comes into view. It is wielding a +0 club.
The gnoll shouts!
The gnoll closely misses you.
You hit the gnoll but do no damage. The gnoll completely misses you.
The gnoll misses you. The gnoll closely misses you.
You hit the gnoll.
The gnoll is lightly wounded.
The gnoll hits you with a +0 flail!
* * * LOW HITPOINT WARNING * * *
The gnoll hits you from afar with a +0 spear.
* * * LOW HITPOINT WARNING * * *
The gnoll hits you but does no damage.
You hit the gnoll.
The gnoll is heavily wounded.
The gnoll hits you with a +0 flail!
* * * LOW HITPOINT WARNING * * *
The gnoll hits you from afar with a +0 spear.
You die...

####.##
#.....#####....
#.....## #######
###5# #......# #5#
#.>....# #.#
#......#
###########.#
#......#
##...........#
#......#
#...##########
#.#.##.#####)..###
#
#.#....g@g55<....#
#
#.####.###g...)..#
## #.####.#
#.......# #.
#......# ###...###
#. ######## #...#
#. ##### #. ####.
#.(.. #.##.


You could see 2 lemures and 3 gnolls.

Vanquished Creatures
  Eustachio (D:4)
  A black bear (D:4)
  A necrophage (D:4)
  A centaur (D:4)
  A lemure (D:4)
  2 water moccasin skeletons (D:4)
  A jelly (D:4)
  A hound (D:4)
  A hound skeleton (D:4)
  A gnoll (D:4)
  5 adders
  3 worms
  A dart slug (D:3)
  3 orcs (D:3)
  4 bats
  8 endoplasms
  3 giant cockroaches
  3 hobgoblins
  3 kobolds
  5 quokkas
  6 ball pythons
  6 frilled lizards
  6 goblins
  2 rats
69 creatures vanquished.

Notes
Turn   | Place    | Note
-------+----------+-------------------------------------------
     0 | D:1      | ytrimaz the Demonspawn Gladiator began the quest for the
                  | Orb.
     0 | D:1      | Reached XP level 1. HP: 16/16 MP: 1/1
    27 | D:1      | Found Paskokku's Antique Weapon Shop.
   246 | D:1      | Gained mutation: You regenerate a little health from kills.
                  | [demonic ancestry]
   246 | D:1      | Reached XP level 2. HP: 7/22 MP: 2/2
  1103 | D:2      | You fall into a shaft and drop 1 floor!
  1155 | D:3      | Reached skill level 1 in Armour
  1175 | D:3      | Reached XP level 3. HP: 25/28 MP: 3/3
  1716 | D:2      | Reached XP level 4. HP: 34/34 MP: 4/4
  2356 | D:3      | Found a faded altar of an unknown god.
  2416 | D:3      | Reached skill level 3 in Fighting
  2932 | D:4      | Noticed Eustachio
  3252 | D:4      | Reached XP level 5. HP: 39/41 MP: 5/5
  3601 | D:4      | Killed Eustachio
  3602 | D:4      | Reached skill level 4 in Fighting
  3602 | D:4      | Reached XP level 6. HP: 8/48 MP: 6/6
  4052 | D:4      | Reached XP level 7. HP: 37/55 MP: 7/7
  4443 | D:4      | Reached skill level 5 in Fighting
  4784 | D:4      | Noticed Pikel
  4796 | D:5      | Entered Level 5 of the Dungeon
  4796 | D:5      | Noticed Sigmund
  5198 | D:4      | HP: 1/56 [gnoll (8)]
  5198 | D:4      | Slain by a gnoll

Illustrated notes

Levels and vault maps discovered:
D:1:      heliophobic_arrival_battle_scene, layout_rooms, serial_shops,
          nicolae_shop_statue_plus, st_stairs_8
D:2:      layout_basic, minmay_close_crescents
D:3:      layout_loops_ring, basic_ecumenical_altar
D:4:      black_bear_nest_1, layout_loops_cross, kennysheep_orc_chapel,
          uniq_eustachio, uniq_pikel
D:5:      layout_cave_pools, serial_glass, glass_columns_a, glass_columns_a,
          ebering_ghost_sewer_d, minmay_misc_feat_square, nrook_mini_backslash,
          lightli_church_of_beogh, uniq_ijyb, uniq_sigmund, uniq_edmund

Skill      XL: |  1  2  3  4  5  6  7 |
---------------+----------------------+-----
Dodging        | 3 4 |  4.7
Armour         | 1 2 3 4 |  4.2
Fighting       | 3 4 5 |  5.1
Short Blades   | |  2.6
Throwing       | |  1.7

Action                   |  1- 3 |  4- 6 |  7- 9 || total
-------------------------+-------+-------+-------++-------
Melee: Rapier            |   120 |   147 |    72 ||   339
Throw: Throwing net      |       |     3 |       ||     3
       Javelin           |       |     2 |       ||     2
  Use: Scroll            |     3 |     4 |     2 ||     9
       Potion            |       |     3 |     1 ||     4
 Stab: Sleeping          |     1 |     1 |       ||     2
       Held in net/web   |       |     1 |       ||     1
Armor: Leather armour    |    54 |    73 |    24 ||   151
       Skin              |       |    16 |       ||    16
Dodge: Dodged            |   105 |   151 |    68 ||   324

Table legend: (Time is in decaauts)
 A = Elapsed time spent in this place.
 B = Non-inter-level travel time spent in this place.
 C = Inter-level travel time spent in this place.
 D = Time resting spent in this place.
 E = Time spent auto-exploring this place.
 F = Levels seen in this place.
 G = Mean time per level.
                   A        B        C        D        E       F      G
               +--------+--------+--------+--------+--------+-----+--------+
         Total |   5224 |   5142 |     82 |   1783 |   2342 |   5 | 1044.8 |
       Dungeon |   5224 |   5142 |     82 |   1783 |   2342 |   5 | 1044.8 |
               +--------+--------+--------+--------+--------+-----+--------+

Top non-repeatable levels by time:
     D:4: 2258 daAuts
     D:3: 1132 daAuts
     D:1: 1068 daAuts
     D:2: 763 daAuts
     D:5: 1 daAuts
